Map: Amygdala

Players

Kelazhur

  • Race: Terran Terran
  • League: Master
  • Spawn Location: 7:00

ShoWTimE - Winner!

  • Race: Protoss Protoss
  • League: Master
  • Spawn Location: 1:00

Event: HomeStory Cup XXVI

VOD

Have the link to the VOD?

Description

Time

  • Played on: Nov. 29, 2024, 12:33 p.m.
  • Length: 15:11

All games in this series

Show
View Real Time Build Order
Export as new Build Order

Kelazhur Terran 

Build Orders: Cyclone Opening, Reaper Expand 

Get SALT Encoding   

  12  0:00  SCV  
  13  0:12  SCV  
  14  0:16  Supply Depot  
  14  0:24  SCV  
  15  0:38  SCV  
  15  0:40  Barracks  
  15  0:42  Refinery  
  16  0:50  SCV  
  17  1:02  SCV  
  18  1:14  SCV  
  19  1:27  Orbital Command, Reaper  
  20  1:42  Command Center  
  20  1:46  Supply Depot  
  20  1:53  SCV  
  21  1:59  Marine  
  22  2:03  Factory  
  22  2:06  SCV  
  23  2:17  Barracks Tech Lab  
  23  2:19  SCV  
  24  2:24  Barracks  
  24  2:31  SCV  
  25  2:39  Barracks  
  25  2:43  SCV  
  26  2:47  Refinery  
  26  2:53  Cyclone  
  26  2:55  SCV  
  26  2:58  Barracks Tech Lab  
  30  3:02  Orbital Command  
  30  3:07  SCV  
  31  3:19  SCV  
  32  3:23  Marine  
  33  3:28  Barracks Reactor  
  33  3:29  SCV  
  33  3:32  SCV  
  35  3:34  Stimpack  
  35  3:41  SCV, Bunker  
  35  3:43  Marine x2  
  35  3:44  SCV  
  39  3:51  Combat Shield  
  39  3:53  SCV  
  40  3:56  SCV  
  40  3:57  Factory Tech Lab  
  40  4:02  Supply Depot  
  41  4:04  Marine x4  
  41  4:05  SCV  
  46  4:15  Supply Depot  
  46  4:21  Command Center  
  46  4:23  SCV, Siege Tank  
  50  4:24  SCV  
  50  4:26  Marine x2  
  53  4:36  SCV  
  53  4:38  Marauder x2  
  58  4:39  SCV  
  58  4:45  Marine  
  58  4:46  Marine  
  58  4:48  SCV  
  58  4:51  Supply Depot  
  61  4:55  SCV, Siege Tank  
  61  4:59  Marauder  
  67  5:02  Supply Depot  
  67  5:03  SCV  
  63  5:07  SCV  
  63  5:08  Marine  
  63  5:09  Marine, Marauder  
  65  5:16  SCV, Refinery  
  65  5:22  Supply Depot, Starport  
  65  5:25  SCV  
  66  5:29  Marine x2  
  66  5:31  SCV  
  66  5:35  Marine x2  
  71  5:38  Orbital Command  
  71  5:40  SCV  
  72  5:43  Factory Reactor  
  72  5:44  SCV  
  72  5:45  Engineering Bay  
  72  5:47  Concussive Shells  
  72  5:48  Marine x2  
  75  5:54  SCV  
  75  5:56  SCV  
  77  5:58  Refinery, Medivac  
  77  6:01  Marauder  
  77  6:02  Orbital Command, Marauder  
  83  6:06  SCV  
  83  6:08  SCV  
  83  6:10  Marine x2  
  87  6:14  Barracks  
  87  6:17  Barracks  
  87  6:22  SCV  
  89  6:26  Marauder x2  
  89  6:27  SCV  
  89  6:30  Supply Depot, SCV  
  93  6:33  Supply Depot, Terran Infantry Weapons Level 1  
  93  6:34  Marine x2  
  93  6:36  SCV  
  93  6:37  Engineering Bay  
  93  6:39  SCV  
  97  6:44  SCV  
  98  6:48  SCV  
  98  6:50  Medivac x2  
  98  6:51  SCV, Marauder  
  98  6:52  Marauder  
  108  6:56  SCV  
  108  6:57  Armory  
  108  6:58  Supply Depot, Marine  
  110  7:02  SCV  
  110  7:03  Barracks Tech Lab  
  110  7:05  Barracks Reactor  
  110  7:06  Marine  
  110  7:07  SCV  
  113  7:09  Supply Depot  
  113  7:10  Supply Depot  
  113  7:11  Terran Infantry Armor Level 1  
  113  7:14  SCV, Marauder  
  117  7:15  SCV  
  117  7:19  Marauder  
  117  7:20  Refinery  
  117  7:22  SCV  
  120  7:25  Marine x2  
  120  7:26  Supply Depot, Marauder  
  124  7:31  SCV, Medivac x2  
  124  7:34  Supply Depot, Marine  
  130  7:37  Refinery  
  130  7:38  Ghost Academy  
  130  7:39  SCV  
  130  7:42  Marine x2, Marauder  
  135  7:48  Factory Reactor  
  135  7:53  SCV  
  135  7:56  Marine x2, Marauder x2  
  142  7:59  Supply Depot  
  142  8:00  Marine x2  
  142  8:04  Marauder  
  146  8:14  Marine x2  
  146  8:16  Viking x2  
  146  8:17  Marine  
  146  8:18  Marauder  
  155  8:22  Supply Depot  
  155  8:24  Command Center  
  155  8:25  Marine x2  
  155  8:26  Ghost  
  160  8:27  Terran Infantry Weapons Level 2  
  159  8:37  SCV x3  
  159  8:39  Ghost x2  
  159  8:40  Marine  
  159  8:41  Marine  
  170  8:45  Supply Depot  
  170  8:50  Viking  
  170  8:51  Viking  
  170  8:53  Marine x2  
  176  8:56  Ghost  
  176  9:02  Supply Depot  
  177  9:07  Ghost  
  177  9:14  Missile Turret  
  177  9:15  SCV x3  
  177  9:17  Marauder  
  171  9:25  Marauder  
  171  9:27  SCV x2  
  171  9:28  Viking  
  171  9:29  Missile Turret, Viking  
  171  9:31  Marine x2  
  179  9:35  Marine x2  
  179  9:37  Marauder  
  185  9:39  Supply Depot, Marauder  
  185  9:44  Terran Infantry Armor Level 2  
  187  9:46  Ghost  
  187  9:52  SCV  
  191  9:55  Missile Turret  
  191  9:57  Ghost  
  191  9:58  Viking x2  
  198  10:11  Marauder  
  200  10:20  Marine, Marauder  
  195  10:24  Marine x2  
  195  10:26  SCV x2, Marauder  
  183  10:31  Viking x2  
  178  10:35  Marauder  
  178  10:36  Marine  
  178  10:37  Marine  
  178  10:40  Planetary Fortress  
  178  10:41  SCV x2, Marauder  
  178  10:42  SCV  
  185  10:44  Marine x2  
  185  10:48  Marauder  
  189  10:51  Bunker  
  189  10:53  SCV  
  189  10:54  SCV, Marine  
  189  10:55  SCV  
  193  10:58  Terran Infantry Weapons Level 3  
  193  11:02  Marine x2, Marauder  
  197  11:06  Marine  
  197  11:07  Marauder  
  190  11:26  Marine x2, Marauder  
  190  11:31  Marine x2, Marauder  
  188  11:37  Marauder  
  190  11:40  Bunker  
  190  11:41  Medivac x2  
  190  11:44  Marine  
  190  11:45  SCV x3  
  190  11:46  SCV  
  199  11:47  Barracks  
  199  11:48  Barracks  
  199  11:50  Marine  
  199  12:06  Marine, Marauder  
  199  12:07  Marine  
  199  12:08  Marine, Marauder  
  196  12:10  SCV  
  196  12:14  Marine, Viking  
  200  12:25  Terran Infantry Armor Level 3, Command Center x2  
  200  12:30  Terran Vehicle Weapons Level 1  
  199  12:49  Marine x2, Ghost  
  195  12:54  Marine x2  
  195  12:55  Marauder  
  195  12:57  Marine, Marauder  
  197  13:00  Missile Turret  
  197  13:14  Marine x2  
  176  13:28  Marauder  
  176  13:30  Marine  
  176  13:31  Marine x2, Marauder  
  176  13:32  Marine  
  176  13:33  Marine x2, Marauder  
  142  13:48  Marine x2  
  142  13:49  Marine, Marauder  
  142  13:50  Marine x3  
  142  13:52  Marauder, Medivac x2  
  142  13:53  SCV x3, Marine  
  142  13:54  SCV  
  152  14:05  SCV  
  152  14:06  Marine x3  
  152  14:08  Marine x3  
  152  14:09  Barracks x2  
  159  14:10  Missile Turret  
  159  14:11  Marauder  
  159  14:12  Marauder  
  159  14:14  Marauder  
  164  14:20  Starport  
  164  14:24  Marine  
  164  14:26  Marine  
  163  14:32  Marauder  
  163  14:33  Marauder  
  163  14:35  Marauder  
  158  14:39  Marine  
  158  14:40  Marine x3  
  158  14:42  Marine  
  158  14:43  Marine  
Show
View Real Time Build Order
Export as new Build Order

ShoWTimE Protoss - Winner!

Build Orders: 1 Gate Expand, Phoenix Opening, Blink Stalkers 

Get SALT Encoding   

  12  0:00  Probe  
  13  0:12  Probe  
  14  0:17  Pylon  
  14  0:23  Probe  
  15  0:32  Probe  
  15  0:36  Gateway  
  15  0:40  Probe  
  16  0:46  Assimilator  
  17  0:50  Probe  
  18  1:03  Probe  
  19  1:15  Probe  
  20  1:22  Nexus  
  20  1:32  Cybernetics Core  
  20  1:34  Probe  
  21  1:40  Assimilator  
  21  1:46  Probe  
  22  1:49  Pylon  
  22  1:56  Stalker  
  22  1:58  Probe  
  25  2:08  Warp Gate  
  25  2:11  Probe  
  26  2:23  Probe  
  26  2:25  Sentry, Phoenix  
  29  2:30  Probe  
  29  2:35  Probe  
  31  2:39  Probe  
  31  2:41  Twilight Council  
  32  2:47  Probe  
  32  2:49  Blink, Probe  
  32  2:50  Stalker  
  36  2:59  Gateway, Probe  
  36  3:01  Probe  
  38  3:06  Gateway  
  38  3:11  Probe  
  39  3:13  Probe  
  40  3:23  Probe, Pylon  
  40  3:25  Probe  
  42  3:35  Probe  
  42  3:37  Probe  
  44  3:47  Nexus  
  44  3:54  Phoenix  
  44  3:57  Stalker x2  
  44  3:59  Stalker  
  44  4:02  Pylon  
  50  4:05  Probe  
  50  4:06  Probe  
  52  4:12  Assimilator  
  52  4:18  Probe x2  
  52  4:22  Stalker x3  
  60  4:26  Pylon  
  60  4:30  Probe  
  60  4:31  Probe  
  62  4:37  Gateway  
  62  4:44  Probe x2  
  64  4:46  Gateway  
  64  4:54  Charge  
  64  4:56  Probe x2  
  64  4:58  Probe  
  64  4:59  Robotics Facility  
  67  5:07  Probe x2  
  67  5:08  Probe  
  70  5:15  Probe x2  
  70  5:17  Probe  
  71  5:22  Forge  
  71  5:23  Forge, Probe x2  
  71  5:25  Probe  
  71  5:27  Sentry  
  75  5:30  Assimilator  
  75  5:34  Assimilator, Probe x2  
  77  5:37  Probe  
  77  5:38  Pylon  
  77  5:41  Phoenix  
  79  5:46  Observer, Probe x2  
  79  5:47  Protoss Ground Armor Level 1, Pylon, Protoss Ground Weapons Level 1  
  79  5:49  Probe  
  83  5:51  Robotics Bay  
  83  5:56  Gateway  
  83  5:58  Probe  
  83  5:59  Gateway, Observer  
  85  6:12  Pylon  
  85  6:13  Gateway  
  85  6:15  Nexus  
  85  6:16  Pylon  
  85  6:20  Pylon  
  85  6:23  Colossus  
  85  6:24  Zealot x4  
  93  6:26  Shield Battery  
  93  6:35  Pylon  
  93  6:40  Extended Thermal Lance  
  93  6:41  Shield Battery  
  99  6:49  Sentry  
  99  6:50  Zealot x4  
  109  6:56  Zealot x2  
  109  6:58  Probe x2  
  109  6:59  Probe  
  116  7:03  Pylon  
  116  7:04  Colossus  
  116  7:06  Robotics Facility  
  116  7:10  Probe  
  116  7:15  Probe x2  
  119  7:16  Pylon  
  126  7:22  Probe  
  126  7:30  Zealot x3  
  126  7:31  Zealot x2  
  126  7:36  Protoss Ground Weapons Level 2, Protoss Ground Armor Level 2, Pylon  
  136  7:44  Warp Prism, Dark Shrine  
  136  7:46  Probe  
  137  7:55  Colossus  
  139  7:59  Pylon  
  139  8:03  Zealot x4  
  153  8:12  Zealot x4  
  161  8:20  Gravitic Drive  
  161  8:22  Disruptor, Pylon  
  165  8:32  Pylon  
  165  8:34  Pylon  
  165  8:39  Nexus  
  165  8:41  Disruptor  
  165  8:48  Gateway, Probe  
  166  8:50  Gateway  
  166  8:52  Gateway  
  166  8:54  Gateway  
  170  8:55  Shadow Stride  
  170  8:58  Disruptor, Observer  
  170  9:01  Dark Templar x2  
  178  9:02  Zealot  
  178  9:03  Zealot x4  
  178  9:05  Probe x3  
  173  9:15  Zealot x6  
  181  9:17  Warp Prism  
  181  9:26  Protoss Ground Armor Level 3  
  181  9:28  Gateway  
  181  9:31  Gateway  
  181  9:34  Disruptor, Photon Cannon  
  181  9:35  Shield Battery  
  181  9:36  Pylon  
  185  9:40  Probe x2  
  187  9:46  Gateway  
  187  9:48  Gateway  
  187  9:50  Dark Templar x4  
  187  9:52  Pylon  
  195  9:56  Protoss Ground Weapons Level 3  
  195  10:01  Gateway  
  195  10:02  Gateway  
  195  10:05  Gateway  
  191  10:14  Zealot x4  
  184  10:25  Zealot x8  
  184  10:28  Disruptor  
  186  10:34  Observer  
  186  10:40  Zealot x6  
  198  10:56  Pylon  
  198  10:58  Nexus  
  198  11:01  Gravitic Boosters  
  198  11:02  Observer  
  193  11:29  Zealot x5  
  193  11:34  Zealot x6  
  197  11:48  Gateway  
  197  11:50  Gateway, Observer  
  197  11:51  Zealot  
  199  11:55  Shield Battery  
  199  11:56  Shield Battery  
  199  12:00  Pylon  
  195  12:02  Photon Cannon  
  195  12:06  Observer  
  195  12:08  Observer, Protoss Shields Level 1  
  183  12:10  Zealot x3, Dark Templar x5  
  188  12:57  Archon  
  182  12:59  Zealot  
  182  13:00  Zealot x10  
  200  13:09  Photon Cannon  
  200  13:11  Shield Battery  
  196  13:14  Zealot x2  
  200  13:23  Nexus  
  200  13:24  Disruptor  
  182  13:29  Zealot  
  182  13:30  Zealot x15  
  182  13:31  Disruptor  
  154  13:42  Zealot x5  
  160  13:55  Dark Templar x4  
  160  13:56  Dark Templar x7  
  160  13:58  Zealot x5  
  160  13:59  Probe x3  
  160  14:00  Warp Prism  
  195  14:07  Observer  
  186  14:39  Zealot x3, Stalker x5  
  186  14:40  Stalker x2  
  170  15:03  Nexus  
Tags
 
Add a new tag
Caveats
  • Supply blocks, unpowered buildings, or Contaminate may cause inaccurate times.
  • Supply counts are checked every 10 seconds.